 Dungeon Crawl Stone Soup version 0.23-a0-78-gc252fe1 (webtiles) character file.

7 Amnesiac the Gusty (level 1, -1/13 HPs)
             Began as a Mummy Air Elementalist on Aug 10, 2018.
             Slain by a hobgoblin
             ... wielding a +0 club
              (3 damage)
             ... on level 1 of the Dungeon.
             The game lasted 00:01:31 (114 turns).

Amnesiac the Gusty (Mummy Air Elementalist)          Turns: 114, Time: 00:01:32

Health: -1/13      AC:  2    Str: 11    XL:     1   Next: 83%
Magic:  1/4        EV: 12    Int: 14    God:
Gold:   6          SH:  0    Dex: 12    Spells: 4/5 levels left

rFire    x . .     SeeInvis .   (no weapon)
rCold    + . .     Gourm    .   (no shield)
rNeg     + + +     Faith    .   a - +0 robe
rPois    ∞         Spirit   .   (no helmet)
rElec    .         Reflect  .   (no cloak)
rCorr    .         Harm     .   (no gloves)
MR       .....                  (no boots)
Stlth    ++........             (no amulet)
HPRegen  0.04/turn              (no ring)
MPRegen  0.09/turn              (no ring)

@: very slightly contaminated
A: no food or potions, fire vulnerability, cold resistance 1, negative energy
resistance 3, torment resistance, unbreathing
a: no special abilities


You were on level 1 of the Dungeon.
You were not hungry.

You visited 1 branch of the dungeon, and saw 2 of its levels.

You collected 6 gold pieces.

Inventory:

Armour
 a - a +0 robe (worn)
Scrolls
 b - a scroll of identify {!r, unknown}


   Skills:
 - Level 1.5 Dodging
 - Level 1.5 Stealth
 + Level 2.7 Spellcasting
 - Level 0.7 Conjurations
 * Level 2.8 Air Magic


You had 4 spell levels left.
You knew the following spells:

 Your Spells              Type           Power        Failure   Level  Hunger
a - Shock                 Conj/Air       #...         11%         1    N/A

Your spell library contained the following spells:

 Spells                   Type           Power        Failure   Level  Hunger
 Lightning Bolt           Conj/Air       #.........   96%         5    N/A
 Swiftness                Chrm/Air       #.......     19%         2    N/A
 Airstrike                Air            #.........   56%         4    N/A
 Static Discharge         Conj/Air       #.......     32%         3    N/A

Dungeon Overview and Level Annotations

Branches:
Dungeon (2/15)

Altars:


Innate Abilities, Weirdness & Mutations

You do not eat or drink.
Your flesh is vulnerable to fire.
You are immune to poison.
Your flesh is cold resistant. (rC+)
You are immune to negative energy. (rN+++)
You are immune to unholy pain and torment.
You can survive without breathing.


Message History

There is a stone staircase leading up here.
The adder barely misses you. The adder closely misses you.
Casting: Shock (safe; 11% risk of failure)
Confirm with . or Enter, or press ? or * to list all spells.
Aiming: Shock (safe; 11% risk of failure)
Press: ? - help, Shift-Dir - straight line You miscast Shock.
You are very lightly contaminated with residual magic.
You are momentarily dazzled by a flash of light!
The adder barely misses you.
Unknown command.
Casting: Shock (safe; 11% risk of failure)
Confirm with . or Enter, or press ? or * to list all spells.
Aiming: Shock (safe; 11% risk of failure)
Press: ? - help, Shift-Dir - straight line The zap hits the adder.
The adder is lightly wounded.
The zap hits the adder.
The adder is moderately wounded.
The zap hits the kobold.
You kill the kobold!
The adder closely misses you. The adder closely misses you.
Casting: Shock (safe; 11% risk of failure)
Confirm with . or Enter, or press ? or * to list all spells.
Aiming: Shock (safe; 11% risk of failure)
Press: ? - help, Shift-Dir - straight line The zap hits the adder.
The adder is severely wounded.
The zap hits the adder.
The adder is severely wounded.
The adder bites you.
Unknown command.
The adder completely misses you.
A hobgoblin comes into view. It is wielding a club.
The adder bites you.
A goblin comes into view. It is wielding a dagger.
An adder comes into view.
The goblin moves out of view.
The adder hisses angrily.
A hobgoblin comes into view.
The adder closely misses you.
The goblin shouts!
The hobgoblin misses you.
A rat comes into view.
The hobgoblin misses you. The goblin barely misses you.
You see here a scroll labeled IFAUGO BALOEP {!r}.
Things that are here:
a short sword; a kobold corpse Your magical contamination has completely faded away.
There is a stone staircase leading up here.
The hobgoblin hits you with a club!
Ouch! That really hurt!
* * * LOW HITPOINT WARNING * * *
You climb upwards.
There is a stone staircase leading down here.
Casting: Shock (safe; 11% risk of failure)
Confirm with . or Enter, or press ? or * to list all spells.
Aiming: Shock (safe; 11% risk of failure)
Press: ? - help, Shift-Dir - straight line You miscast Shock.
You are very lightly contaminated with residual magic.
Your skin glows momentarily.
The hobgoblin hits you with a club.
You die...

############ #..
.......# #.#
#......#
######.###@##....
#......>.g......#
#.####.###.##...#
#######.# #......#
..#
........#########.
...
#########..§§...##.
.. #..≈§§....##. .
#..≈§§≈≈..# ..
##.......## ..


You could see a hobgoblin.

Vanquished Creatures
  An ooze (D:1)
  A bat (D:2)
  A kobold (D:2)
3 creatures vanquished.

Notes
Turn   | Place    | Note
-------+----------+-------------------------------------------
     0 | D:1      | Amnesiac the Mummy Air Elementalist began the quest for the Orb.
     0 | D:1      | Reached XP level 1. HP: 13/13 MP: 4/4
   114 | D:1      | Slain by a hobgoblin

Vault maps used:
D:1:      shiori_arrival_elements

Action                   || total
-------------------------++-------
 Cast: Shock             ||     6
Dodge: Dodged            ||    11

Table legend:
 A = Non-vault XP
 B = Vault XP
 C = Vault XP percentage of total XP
 D = Non-vault monster count
 E = Vault monster count
 F = Vault count percentage of total count
 G = Total turns spent on level
                 A         B        C        D         E       F
            +---------+---------+-------+---------+---------+-------
      Total |      10 |       0 |   0.0 |       3 |       0 |   0.0
            +---------+---------+-------+---------+---------+-------
        D:1 |       7 |       0 |   0.0 |       1 |       0 |   0.0
        D:2 |       3 |       0 |   0.0 |       2 |       0 |   0.0
            +---------+---------+-------+---------+---------+-------
